 Dungeon Crawl Stone Soup version 0.28.0-45-g0d030f2227 (webtiles) character file.

Game seed: 5437060519651015187

540 jimonade the Magician (level 7, -4/51 HPs)
             Began as a Gnoll Hedge Wizard on Apr 6, 2022.
             Slain by an orc warrior
             ... wielding a +0 vorpal long sword
              (6 damage)
             ... on level 4 of the Dungeon.
             The game lasted 00:26:09 (6846 turns).

jimonade the Magician (Gnoll Hedge Wizard)          Turns: 6846, Time: 00:26:09

Health: -4/51      AC: 11    Str: 18    XL:     7   Next: 26%
Magic:  11/18      EV: 12    Int: 18    God:
Gold:   104        SH:  0    Dex:  9    Spells: 10/21 levels left

rFire   . . .      SeeInvis +   n - +1 dagger (holy)
rCold   . . .      Faith    .   (no shield)
rNeg    . . .      Spirit   .   j - +3 leather armour "Rucariof" {Str+6 Int+5 Dex-2}
rPois   .          Reflect  .   c - +0 hat
rElec   .          Harm     .   (no cloak)
rCorr   .          Rampage  .   (no gloves)
Will    .....                   y - +0 pair of boots
Stlth   ++........              (no amulet)
HPRegen 0.17/turn               i - +4 ring of protection
MPRegen 0.16/turn               t - ring of see invisible

@: very slightly contaminated
A: fangs 1, strong nose, distributed training
a: no special abilities


You were on level 4 of the Dungeon.
You visited 1 branch of the dungeon, and saw 4 of its levels.

You collected 104 gold pieces.

Inventory:

Hand Weapons
 n - a +1 dagger of holy wrath (weapon)
 q - a +0 spear
 u - a +1 mace of protection
 D - a +1 short sword of holy wrath
Missiles
 f - 114 arrows
 g - 175 stones
 s - 45 sling bullets
 x - 73 bolts
 z - 3 poisoned darts
 C - 6 boomerangs
Armour
 b - a +0 robe
 c - a +0 hat (worn)
 j - the +3 leather armour "Rucariof" (worn) {Str+6 Int+5 Dex-2}
   (You found it on level 4 of the Dungeon)

   Str:       It affects your strength (+6).
   Int:       It affects your intelligence (+5).
   Dex:       It affects your dexterity (-2).
 v - a +0 leather armour
 y - a +0 pair of boots (worn)
Jewellery
 i - a +4 ring of protection (left hand)
 t - a ring of see invisible (right hand)
Scrolls
 a - a scroll of magic mapping {unknown}
 d - a scroll of vulnerability {unknown}
 e - a scroll of amnesia {unknown}
 h - a scroll of immolation {unknown}
 l - a scroll of enchant armour {unknown}
 m - 8 scrolls of identify {unknown}
 o - 4 scrolls of teleportation {unknown}
 A - a scroll of noise {unknown}
Potions
 k - a potion of cancellation {unknown}
 p - 2 potions of magic {unknown}
 r - 2 potions of heal wounds {unknown}
 w - a potion of curing
 B - a potion of degeneration {unknown}


   Skills:
 + Level 2.3 Fighting
 + Level 2.3 Short Blades
 + Level 2.3 Long Blades
 + Level 2.3 Axes
 + Level 2.3 Maces & Flails
 + Level 2.3 Polearms
 + Level 2.3 Staves
 + Level 2.3 Slings
 + Level 2.3 Bows
 + Level 2.3 Crossbows
 + Level 2.3 Throwing
 + Level 2.3 Armour
 + Level 5.2 Dodging
 + Level 4.8 Stealth
 + Level 2.3 Shields
 + Level 2.3 Unarmed Combat
 + Level 7.5 Spellcasting
 + Level 2.9 Conjurations
 + Level 1.9 Hexes
 + Level 2.9 Summonings
 + Level 1.9 Necromancy
 + Level 2.9 Translocations
 + Level 1.9 Transmutations
 + Level 1.9 Fire Magic
 + Level 1.9 Ice Magic
 + Level 1.9 Air Magic
 + Level 1.9 Earth Magic
 + Level 1.9 Poison Magic
 + Level 2.6 Invocations
 + Level 2.3 Evocations


You had 10 spell levels left.
You knew the following spells:

 Your Spells              Type           Power      Damage    Failure   Level
a - Magic Dart            Conj           68%        1d6       3%          1
b - Call Imp              Summ           17%        N/A       5%          2
c - Blink                 Tloc           34%        N/A       5%          2
d - Conjure Flame         Conj/Fire      15%        6-21      13%         3
e - Mephitic Cloud        Conj/Pois/Air  15%        N/A       14%         3

Your spell library contained the following spells:

 Spells                   Type           Power      Damage    Failure   Level
 Slow                     Hex            52%        N/A       5%          1
 Tukima's Dance           Hex            13%        N/A       16%         3
 Summon Lightning Spire   Summ/Air       15%        N/A       41%         4
 Anguish                  Hex/Necr       6%         N/A       47%         4
 Enfeeble                 Hex            6%         N/A       100%        7
 Storm Form               Tmut/Air       6%         N/A       100%        7
 Maxwell's Capacitive Co  Air            6%         ∞         100%        8


Dungeon Overview and Level Annotations

Branches:
Dungeon (4/15)
 Temple: D:4-7

Altars:
Trog

Shops:
D:4 [


Innate Abilities, Weirdness & Mutations

You have very sharp teeth.
Your uncanny sense of smell can sniff out nearby items.
Your experience applies equally to all skills.


Message History

Casting: Magic Dart (safe; 3% risk of failure)
Confirm with . or Enter, or press ? or * to list all spells.
A beastly little devil appears in a puff of flame.
The orc warrior hits you with a +0 vorpal long sword!
Your crimson imp hits the orc warrior.
Casting: Call Imp (safe; 5% risk of failure)
Confirm with . or Enter, or press ? or * to list all spells.
Aiming: Magic Dart (safe; 3% risk of failure)
Press: ? - help, Shift-Dir - straight line, f/p - orc warrior
Aim: an orc warrior, wielding a +0 vorpal long sword and wearing a +0 plate armour (severely wounded, ally target, 100% to hit)
You miscast Magic Dart.
You are very lightly contaminated with residual magic.
Nothing appears to happen.
The orc warrior misses your crimson imp.
Your crimson imp hits the orc warrior.
You hit the orc warrior but do no damage.
The orc warrior is almost dead.
The orc warrior hits you but does no damage.
You barely miss the orc warrior. Your bite misses the orc warrior.
The orc warrior is almost dead.
Your crimson imp blinks!
You barely miss the orc warrior.
You bite the orc warrior, but do no damage.
The orc warrior is almost dead.
The orc warrior barely misses you.
You hit the orc warrior but do no damage.
Your bite misses the orc warrior.
The orc warrior is almost dead.
The orc warrior hits you but does no damage.
You hit the orc warrior but do no damage.
The orc warrior is almost dead.
The orc warrior hits you with a +0 vorpal long sword!
You barely miss the orc warrior.
The orc warrior is almost dead.
The orc warrior hits you with a +0 vorpal long sword!
* * * LOW HITPOINT WARNING * * *
x2 You hit the orc warrior.
The orc warrior is almost dead.
The orc warrior hits you with a +0 vorpal long sword.
You die...

#..........##...##.
####........#...##.
##................
#..............##.
#####...............#.
#.....................
#.###.................
#.##..5......#........
#.##.@o.........#.#...
#.#..........#..#.#...
#.#...#..###.#..#.#.#.
###...##..<..#..#.#.#.
#.....#.....#......#.
#.....#.....#........
##...##.....#........
#####......#........
#.#.#..............


You could see an orc warrior (ally target) and a friendly crimson imp
(summoned).

Vanquished Creatures
  2 phantoms
  A scorpion (D:4)
  A hound skeleton (D:4)
  3 adders
  2 gnolls
  A worm (D:3)
  An adder skeleton (D:4)
  A dart slug (D:2)
  8 orcs
  6 bats
  8 endoplasms
  7 giant cockroaches
  7 goblins
  3 hobgoblins
  4 jackals (D:1)
  2 quokkas
  8 ball pythons
  7 frilled lizards
  8 kobolds
  A quokka skeleton (D:4)
  5 rats
86 creatures vanquished.

Vanquished Creatures (collateral kills)
  A scorpion (D:4)
  An iguana (D:4)
  5 gnolls
  2 adders
  4 orcs
  An endoplasm (D:3)
  2 goblins
  3 hobgoblins (D:3)
  A quokka (D:4)
  2 rats (D:3)
22 creatures vanquished.

Grand Total: 108 creatures vanquished

Notes
Turn   | Place    | Note
-------+----------+-------------------------------------------
     0 | D:1      | jimonade the Gnoll Hedge Wizard began the quest for the
                  | Orb.
     0 | D:1      | Reached XP level 1. HP: 13/13 MP: 8/8
   216 | D:1      | Reached XP level 2. HP: 19/19 MP: 6/10
   416 | D:1      | Found a faded altar of an unknown god.
   706 | D:1      | Reached XP level 3. HP: 25/25 MP: 3/11
  1243 | D:2      | Reached skill level 1 in Invocations
  1429 | D:2      | Learned a level 2 spell: Call Imp
  1432 | D:2      | Learned a level 2 spell: Blink
  1592 | D:2      | Reached skill level 1 in Fighting
  1592 | D:2      | Reached skill level 1 in Short Blades
  1592 | D:2      | Reached skill level 1 in Long Blades
  1592 | D:2      | Reached skill level 1 in Axes
  1592 | D:2      | Reached skill level 1 in Maces & Flails
  1592 | D:2      | Reached skill level 1 in Polearms
  1592 | D:2      | Reached skill level 1 in Staves
  1592 | D:2      | Reached skill level 1 in Slings
  1592 | D:2      | Reached skill level 1 in Bows
  1592 | D:2      | Reached skill level 1 in Crossbows
  1592 | D:2      | Reached skill level 1 in Throwing
  1592 | D:2      | Reached skill level 1 in Armour
  1592 | D:2      | Reached skill level 1 in Shields
  1592 | D:2      | Reached skill level 1 in Unarmed Combat
  1592 | D:2      | Reached skill level 1 in Evocations
  1623 | D:2      | Reached XP level 4. HP: 32/32 MP: 8/13
  1830 | D:1      | HP: 1/32 [orc/+1 mace of protection (4)]
  2290 | D:2      | Reached skill level 1 in Hexes
  2290 | D:2      | Reached skill level 1 in Necromancy
  2290 | D:2      | Reached skill level 1 in Transmutations
  2290 | D:2      | Reached skill level 1 in Fire Magic
  2290 | D:2      | Reached skill level 1 in Ice Magic
  2290 | D:2      | Reached skill level 1 in Air Magic
  2290 | D:2      | Reached skill level 1 in Earth Magic
  2290 | D:2      | Reached skill level 1 in Poison Magic
  3103 | D:3      | Found a bloodstained altar of Trog.
  3311 | D:2      | Reached XP level 5. HP: 30/37 MP: 9/14
  4369 | D:4      | Identified the +3 leather armour "Rucariof" {Str+6 Int+5
                  | Dex-2}
  4417 | D:4      | Noticed a phantom
  5135 | D:4      | Found Futieh's Antique Armour Shop.
  5281 | D:3      | Killed a phantom
  5282 | D:3      | Reached XP level 6. HP: 44/44 MP: 13/16
  5351 | D:4      | Reached skill level 5 in Dodging
  5875 | D:4      | Reached XP level 7. HP: 45/50 MP: 13/18
  6240 | D:3      | Learned a level 3 spell: Conjure Flame
  6244 | D:3      | Learned a level 3 spell: Mephitic Cloud
  6845 | D:4      | HP: 2/51 [orc warrior/+0 vorpal long sword (2)]
  6846 | D:4      | Slain by an orc warrior

Illustrated notes

Levels and vault maps discovered:
D:1:      lemuel_arrival_funnel, layout_rooms,
          ebering_ecumenical_altar_sacrificial, minivault_23,
          kennysheep_doodads, minmay_bisected
D:2:      layout_rooms, minmay_misc_feat_doors, supply_closet_lemuel
D:3:      layout_basic, bloody_trog
D:4:      minmay_clustersquares, layout_basic, serial_shops,
          nicolae_shop_crystal, grunt_ministairs_14,
          kennysheep_cross_bottleneck, eino_small_chamber_without_monster

Skill      XL: |  1  2  3  4  5  6 |
---------------+-------------------+-----
Conjurations   | 2 |  2.9
Summonings     | 2 |  2.9
Translocations | 2 |  2.9
Invocations    | 1 2 |  2.6
Fighting       | 1 2 |  2.3
Short Blades   | 1 2 |  2.3
Long Blades    | 1 2 |  2.3
Axes           | 1 2 |  2.3
Maces & Flails | 1 2 |  2.3
Polearms       | 1 2 |  2.3
Staves         | 1 2 |  2.3
Slings         | 1 2 |  2.3
Bows           | 1 2 |  2.3
Crossbows      | 1 2 |  2.3
Throwing       | 1 2 |  2.3
Armour         | 1 2 |  2.3
Shields        | 1 2 |  2.3
Unarmed Combat | 1 2 |  2.3
Evocations     | 1 2 |  2.3
Hexes          | 1 |  1.9
Necromancy     | 1 |  1.9
Transmutations | 1 |  1.9
Fire Magic     | 1 |  1.9
Ice Magic      | 1 |  1.9
Air Magic      | 1 |  1.9
Earth Magic    | 1 |  1.9
Poison Magic   | 1 |  1.9
Dodging        | 5 |  5.2
Stealth        | |  4.8
Spellcasting   | |  7.5

Action                   |  1- 3 |  4- 6 |  7- 9 || total
-------------------------+-------+-------+-------++-------
Melee: Dagger            |    30 |   116 |    46 ||   192
       Bite              |     3 |    11 |     4 ||    18
       Punch             |     1 |     1 |     1 ||     3
 Cast: Magic Dart        |    98 |   101 |    14 ||   213
       Call Imp          |       |    39 |    18 ||    57
       Conjure Flame     |       |       |     1 ||     1
       Blink             |       |       |     1 ||     1
 Stab: Sleeping          |     1 |     1 |       ||     2
       Distracted        |       |     3 |       ||     3
Armor: Robe              |    17 |    16 |       ||    33
       Leather armour    |       |    25 |    33 ||    58
Dodge: Dodged            |    42 |    92 |    38 ||   172
